 Dungeon Crawl Stone Soup version 0.30-a0-591-g3c58d2bc28 (webtiles) character file.

Game seed: 7984875113996382226

50 kae the Insei (level 3, -1/26 HPs)
             Began as a Demonspawn Transmuter on Jan 5, 2023.
             Slain by a black bear (3 damage)
             ... on level 2 of the Dungeon.
             The game lasted 00:01:19 (966 turns).

kae the Insei (Demonspawn Transmuter)                Turns: 966, Time: 00:01:20

Health: -1/26      AC:  2    Str: 10    XL:     3   Next: 55%
Magic:  0/6        EV: 19    Int: 16    God:
Gold:   42         SH:  4    Dex: 18    Spells: 1/7 levels left

rFire   . . .      SeeInvis .      - Unarmed
rCold   . . .      Faith    .    (shield currently unavailable)
rNeg    + . .      Spirit   +    (body armour currently unavailable)
rPois   x          Reflect  .    (helmet currently unavailable)
rElec   .          Harm     .    (cloak currently unavailable)
rCorr   .          Rampage  .    (gloves currently unavailable)
Will    .....                    (boots currently unavailable)
Stlth   ++                       G - amulet of guardian spirit
HPRegen 0.24/turn                N - ring of positive energy
MPRegen 0.10/turn                (no ring)

@: spider-form (expiring)
A: venomous fangs, tiny, condensation shield
a: End Transformation


You were on level 2 of the Dungeon.
You were a venomous arachnid creature.
You visited 1 branch of the dungeon, and saw 2 of its levels.

You collected 42 gold pieces.


Innate Abilities, Weirdness & Mutations

You are a venomous arachnid creature.
You have poisonous fangs.
You are tiny and dextrous.
Your spellcasting is less reliable in this form.
Your armour is entirely melded.
You are incapable of wielding weapons or throwing items.
A meltable shield of frost defends you. (SH +4)


   Skills:
 - Level 1.0 Fighting
 - Level 1.7 Dodging
 + Level 3.1 Unarmed Combat
 + Level 2.5 Spellcasting
 * Level 2.8 Transmutations
 * Level 0.0 Poison Magic


You had one spell level left.
You knew the following spells:

 Your Spells              Type           Power      Damage    Failure   Level
a - Beastly Appendage     Tmut           22%        N/A       17%         1
b - Wereblood             Tmut           11%        N/A       24%         2
c - Spider Form           Tmut/Pois      6%         N/A       54%         3

Your spell library contained the following spells:

 Spells                   Type           Power      Damage    Failure   Level
 Ice Form                 Ice/Tmut       6%         N/A       88%         4

Inventory:

Missiles
 e - 27 stones
Armour
 a - a +0 robe (melded)
Jewellery
 G - an amulet of guardian spirit (around neck)
   (You found it on level 1 of the Dungeon)
 N - a ring of positive energy (left front leg)
   (You found it on level 1 of the Dungeon)
Scrolls
 d - a scroll of teleportation {@r4}
 h - a scroll of vulnerability {unknown}
 i - a scroll of fear {unknown}
 j - a scroll of identify {unknown}
Potions
 b - a potion of lignification {!q}
 c - a potion of curing {unknown}
 f - 2 potions of attraction {unknown}
 g - a potion of cancellation {unknown}

Dungeon Overview and Level Annotations

Branches:
Dungeon (2/15) Zot: 11037

Altars:

### ###### ..#
#..... #)#
#########.#### #.#
#.........#### #.#
#.#####......#
#.###.## #.####.#
#h##...## #.# #.#
######s#.....###.#
#.#
..................#
#.#
#######....[..#####
#.# ##.#...## #.#
#.##.## #.# #.##.#
#.# #.##.# #.#
#.##.# #.# ... ..
#.#


You could see a black bear (extremely poisoned).


Message History

😎 HP[+1] MP[+1]
Your hp is fully restored (26).
Your mp is fully restored (6).
Unknown command.
A ball python is nearby!
Unknown command.
A ball python is nearby!
Casting: Beastly Appendage (safe; 6% risk of failure)
Confirm with . or Enter, or press ? or * to list all spells.
You grow a pair of large bovine horns.
Your feet morph into talons. 😎 MP[-1]
You lost 1 mp, and now have 5/6 mp.
You hit the ball python.
You kill the ball python!
No target in view!
No target in view!
No target in view!
Unknown command.
Your transformation is almost over.
Your horns disappear.
Your talons disappear.
A black bear comes into view. 😎 MP[+1]
Your mp is fully restored (6).
A black bear is nearby!
Unknown command.
A black bear is nearby!
Unknown command.
Casting: Beastly Appendage (safe; 6% risk of failure)
Confirm with . or Enter, or press ? or * to list all spells.
The spell is extremely dangerous to miscast (32% risk of failure)!
Continue anyway? [Y]es or [N]o only, please.
The spell is extremely dangerous to miscast (32% risk of failure)!
Continue anyway?
You miscast Spider Form.
You are very lightly contaminated with residual magic.
Nothing appears to happen. 😎 MP[-3]
You lost 3 mp, and now have 3/6 mp.
You start resting.
Your magical contamination has completely faded away.
Unknown command.
You start resting. 😎 MP[+2]
You regained 2 mp, and now have 5/6 mp.
Unknown command.
Casting: Spider Form (extremely dangerous; 32% risk of failure)
Confirm with . or Enter, or press ? or * to list all spells.
The spell is extremely dangerous to miscast (32% risk of failure)!
Continue anyway? [Y]es or [N]o only, please.
The spell is extremely dangerous to miscast (32% risk of failure)!
Continue anyway?
You turn into a venomous arachnid creature.
Your +0 robe melds into your body. 😎 MP[-3]
You lost 3 mp, and now have 2/6 mp.
Unknown command.
The black bear growls angrily.
Your transformation is almost over.
The black bear bites you!
The black bear completely misses you. x2 😮 HP[-7]
You take 7 damage, and now have 19/26 hp.
MASSIVE DAMAGE!! (PAUSE)
You hit the black bear.
The black bear is poisoned.
The black bear closely misses you. x2; The black bear claws you. 😮 HP[-1] MP[-1]
You take 1 damage, and now have 18/26 hp.
You lost 1 mp, and now have 1/6 mp.
Unknown command.
You hit the black bear.
The black bear looks as sick as possible!
The black bear misses you. The black bear barely misses you.
The black bear claws you. 😮 HP[-4]
You take 4 damage, and now have 14/26 hp.
Unknown command.
You hit the black bear.
The black bear looks as sick as possible!
The black bear barely misses you. The black bear claws you.
* * * LOW HITPOINT WARNING * * *
The black bear claws you.
* * * LOW HITPOINT WARNING * * *
😨 HP[-4] MP[-1]
You take 4 damage, and now have 10/26 hp.
You lost 1 mp, and now have 0/6 mp.
Unknown command.
You hit the black bear.
The black bear looks as sick as possible!
The black bear misses you. The black bear claws you.
* * * LOW HITPOINT WARNING * * *
The black bear claws you.
* * * LOW HITPOINT WARNING * * *
😱 HP[-5]
You take 5 damage, and now have 5/26 hp.
Unknown command.
You hit the black bear.
The black bear looks as sick as possible!
The black bear misses you. x3
Unknown command.
You hit the black bear but do no damage.
You block the black bear's attack. The black bear claws you.
* * * LOW HITPOINT WARNING * * *
The black bear claws you.
You die...

Skill      XL: |  1  2 |
---------------+-------+-----
Transmutations | 2 |  2.8
Unarmed Combat | 3 |  3.1
Fighting       | |  1.0
Dodging        | |  1.7
Spellcasting   | |  2.5

Action                   || total
-------------------------++-------
Melee: Unarmed           ||    77
       Headbutt          ||     8
       Kick              ||    11
       Punch             ||     1
 Cast: Beastly Appendage ||    18
       Spider Form       ||     1
  Use: Scroll            ||     2
Armor: Robe              ||    20
Dodge: Dodged            ||    63
Block: Other             ||     8

Levels and vault maps discovered:
D:1:      lightli_arrival_lavapool, layout_basic,
          shapermc_ecumenical_altar_mp_vishouse
D:2:      layout_loops_ring, kennysheep_decorative_pillar, uniq_jessica

Notes
Turn   | Place    | Note
-------+----------+-------------------------------------------
     0 | D:1      | kae the Demonspawn Transmuter began the quest for the Orb.
     0 | D:1      | Reached XP level 1. HP: 15/15 MP: 3/3
     0 | D:1      | magus.rc [v1.11.3]
   146 | D:1      | Reached skill level 2 in Transmutations
   170 | D:1      | Gained mutation: A meltable shield of frost defends you.
                  | (SH +4) [demonic ancestry]
   170 | D:1      | Reached XP level 2. HP: 21/21 MP: 3/5
   195 | D:1      | Found a faded altar of an unknown god.
   758 | D:2      | Noticed Jessica
   764 | D:2      | Killed Jessica
   765 | D:2      | Reached skill level 3 in Unarmed Combat
   765 | D:2      | Reached XP level 3. HP: 26/26 MP: 4/6
   768 | D:2      | Learned a level 2 spell: Wereblood
   772 | D:2      | Learned a level 3 spell: Spider Form
   934 | D:2      | Noticed a black bear
   964 | D:2      | HP: 5/26 [black bear (3)]
   966 | D:2      | HP: 2/26 [black bear (3)]
   966 | D:2      | Slain by a black bear

Vanquished Creatures
  Jessica (D:2)
  3 endoplasms (D:1)
  3 giant cockroaches (D:1)
  2 hobgoblins (D:1)
  2 ball pythons
  4 bats
  2 frilled lizards
  3 goblins (D:1)
  2 kobolds (D:1)
  A rat (D:1)
23 creatures vanquished.

Table legend:
 A = Non-vault XP
 B = Vault XP
 C = Vault XP percentage of total XP
 D = Non-vault monster count
 E = Vault monster count
 F = Vault count percentage of total count
                 A         B        C        D         E       F
            +---------+---------+-------+---------+---------+-------
      Total |      35 |      37 |  51.4 |      22 |       1 |   4.3
            +---------+---------+-------+---------+---------+-------
        D:1 |      31 |       0 |   0.0 |      19 |       0 |   0.0
        D:2 |       4 |      37 |  90.2 |       3 |       1 |  25.0
            +---------+---------+-------+---------+---------+-------

Illustrated notes

Table legend:
 A = Kills in this place as a percentage of kills in entire the game.
 B = Kills by you in this place as a percentage of kills by you in the entire game.
 C = Kills by friends in this place as a percentage of kills by friends in the entire game.
 D = Other kills in this place as a percentage of other kills in the entire game.
 E = Experience gained in this place as a percentage of experience gained in the entire game.
 F = Experience gained in this place divided by the number of levels of this place that you have seen.
                   A       B       C       D       E      F
               +-------+-------+-------+-------+-------+----------------------
         Total | 100.0 | 100.0 |   N/A |   N/A | 100.0 |  36.0
       Dungeon | 100.0 | 100.0 |   N/A |   N/A | 100.0 |  36.0
               +-------+-------+-------+-------+-------+----------------------

Table legend: (Time is in decaauts)
 A = Elapsed time spent in this place.
 B = Non-inter-level travel time spent in this place.
 C = Inter-level travel time spent in this place.
 D = Time resting spent in this place.
 E = Time spent auto-exploring this place.
 F = Levels seen in this place.
 G = Mean time per level.
                   A        B        C        D        E       F      G
               +--------+--------+--------+--------+--------+-----+--------+
         Total |    961 |    957 |      4 |     19 |    729 |   2 |  480.5 |
       Dungeon |    961 |    957 |      4 |     19 |    729 |   2 |  480.5 |
               +--------+--------+--------+--------+--------+-----+--------+

Top non-repeatable levels by time:
     D:1: 734 daAuts
     D:2: 227 daAuts
